 Dungeon Crawl Stone Soup version 0.22-a0-460-g49b1da7 (webtiles) character file.

20881 DrEnzyme the Fighter (level 12, 0/90 HPs)
             Began as an Octopode Wanderer on June 9, 2018.
             Was an Initiate of Gozag.
             Slain by an eight-headed hydra (9 damage)
             ... on level 4 of the Lair of Beasts.
             The game lasted 01:10:42 (16671 turns).

DrEnzyme the Fighter (Octopode Wanderer)           Turns: 16671, Time: 01:11:12

Health: 0/90       AC:  4    Str: 20    XL:     12   Next: 84%
Magic:  0/9        EV: 16    Int: 25    God:    Gozag
Gold:   1069       SH: 10    Dex: 18    Spells: 9/13 levels left

rFire    . . .     SeeInvis .   a - +8 falchion of Feimup {protect, +Fly MR- MP-9 Int+7}
rCold    . . .     Gourm    .   D - +3 buckler {AC+3}
rNeg     + . .     Faith    .   (helmet restricted)
rPois    .         Spirit   +   M - amulet of guardian spirit
rElec    .         Reflect  .   p - ring of stealth
rCorr    .         Harm     .   W - +2 ring of strength
MR       ++...                  F - ring of protection from magic
Stlth    ++++......             e - +2 ring of dexterity
HPRegen  0.25/turn              H - ring of protection from magic
MPRegen  0.11/turn              E - +3 ring of intelligence
                                P - ring "Agiytur" {rN+ MR+ Str+6 Int-3 Slay+4}
                                Q - +4 ring of intelligence

@: no status effects
A: almost no armour, stealthy swim, amphibious, 8 rings, constrict 8, camouflage
1, gelatinous body 1
a: Potion Petition, Call Merchant, Bribe Branch, Renounce Religion, Evoke Flight


You were on level 4 of the Lair of Beasts.
You worshipped Gozag.
Gozag was most pleased with you.
You were not hungry.

You visited 3 branches of the dungeon, and saw 16 of its levels.
You also visited: Ossuary and Volcano.

You collected 2369 gold pieces.
You spent 1151 gold pieces at shops.
You paid 149 gold pieces to Gozag.

Inventory:

Hand Weapons
 a - the +8 falchion of Feimup (weapon) {protect, +Fly MR- MP-9 Int+7}
   (You found it on level 4 of the Dungeon)

   It protects the one who uses it against injury (+AC on strike).
   It affects your intelligence (+7).
   It affects your resistance to hostile enchantments.
   It affects your magic capacity (-9).
   It lets you fly.
 b - a +3 hand crossbow
 J - the +3 trident of Dissolution {freeze, rC+ Int+3, unknown}
   (You found it on level 10 of the Dungeon)

   It has been specially enchanted to freeze those struck by it, causing extra
   injury to most foes and up to half again as much damage against particularly
   susceptible opponents.
   It can also slow down cold-blooded creatures.
   It affects your intelligence (+3).
   It protects you from cold.
 K - the +9 mace of Iwyl Pow {crush, rF- MR+ Str+2, unknown}
   (You found it on level 10 of the Dungeon)

   It inflicts extra damage upon your enemies.
   It affects your strength (+2).
   It makes you vulnerable to fire.
   It affects your resistance to hostile enchantments.
Missiles
 x - 84 bolts
Armour
 D - a +3 buckler of protection (worn)
 T - the +0 large shield "Jakk" {rPois Int+3 Slay-3, unknown}
   (You found it on level 4 of the Lair of Beasts)

   It affects your intelligence (+3).
   It affects your accuracy and damage with ranged weapons and melee attacks
   (-3).
   It protects you from poison.
Jewellery
 e - a +2 ring of dexterity (on tentacle)
 g - an uncursed ring of positive energy
 i - an uncursed amulet of harm
 p - a ring of stealth (left tentacle)
 E - a +3 ring of intelligence (on tentacle)
 F - a ring of protection from magic (on tentacle)
 H - a ring of protection from magic (on tentacle)
 M - an amulet of guardian spirit (around mantle)
 P - the ring "Agiytur" (on tentacle) {rN+ MR+ Str+6 Int-3 Slay+4}
   (You acquired it on level 11 of the Dungeon)

   [ring of slaying]

   It affects your strength (+6).
   It affects your intelligence (-3).
   It affects your accuracy and damage with ranged weapons and melee attacks
   (+4).
   It protects you from negative energy.
   It affects your resistance to hostile enchantments.
 Q - a +4 ring of intelligence (on tentacle)
 V - an uncursed amulet of magic regeneration
 W - a +2 ring of strength (right tentacle)
Wands
 t - a wand of acid (10)
 z - a wand of digging (13)
 A - a wand of random effects (19)
 I - a wand of disintegration (13)
 S - a wand of iceblast (3)
 U - a wand of flame (34)
Scrolls
 m - 2 scrolls of amnesia {unknown}
 n - a scroll of immolation
 o - 5 scrolls of blinking
 q - 2 scrolls of vulnerability {unknown}
 r - 4 scrolls of teleportation
 v - 7 scrolls of remove curse
 w - a scroll of fog {unknown}
 y - a scroll of enchant weapon
 C - 2 scrolls of torment {unknown}
 N - a scroll of brand weapon {unknown}
 O - a scroll of fear {unknown}
 X - a scroll of enchant armour
Potions
 c - 3 potions of curing
 d - a potion of flight {unknown}
 h - a potion of agility
 j - a potion of resistance
 k - 2 potions of berserk rage {unknown}
 l - a potion of cancellation
 s - 2 potions of brilliance
 u - 3 potions of heal wounds
 B - a potion of mutation {unknown}
 G - 2 potions of invisibility {unknown}
 L - a potion of might
 R - a potion of magic {unknown}
Comestibles
 f - 22 rations


   Skills:
 + Level 11.0 Fighting
 + Level 10.4 Long Blades
 - Level 8.6 Crossbows
 - Level 4.8 Dodging
 * Level 8.8 Shields
 - Level 1.0 Spellcasting
 - Level 2.0 Necromancy
 + Level 8.3 Evocations


You had 9 spell levels left.
You knew the following spells:

 Your Spells              Type           Power        Failure   Level  Hunger
a - Animate Skeleton      Necr           N/A          5%          1    ##.....
b - Corpse Rot            Necr           N/A          9%          2    ###....
c - Apportation           Tloc           #.....       12%         1    ##.....

Your spell library contained the following spells:

 Spells                   Type           Power        Failure   Level  Hunger
 Confuse                  Hex            #.......     36%         3    ####...
 Summon Small Mammal      Summ           #...         12%         1    ##.....
 Animate Dead             Necr           N/A          47%         4    #####..
 Pain                     Necr           ##..         5%          1    ##.....
 Vampiric Draining        Necr           ##........   16%         3    ####...
 Regeneration             Chrm/Necr      #.........   24%         3    ####...
 Sublimation of Blood     Necr           ##........   9%          2    ###....
 Tukima's Dance           Hex            #.......     36%         3    ####...
 Recall                   Summ/Tloc      N/A          36%         3    ####...
 Spider Form              Tmut/Pois      #.........   36%         3    ####...
 Blade Hands              Tmut           #.........   98%         5    ######.
 Ice Form                 Ice/Tmut       #.......     77%         4    #####..
 Death Channel            Necr           ##........   100%        6    #######
 Confusing Touch          Hex            #.....       12%         1    ##.....
 Sticks to Snakes         Tmut           #.......     19%         2    ###....
 Ensorcelled Hibernation  Hex/Ice        #.....       19%         2    ###....
 Corona                   Hex            #......      12%         1    ##.....
 Simulacrum               Ice/Necr       #.........   100%        6    #######
 Beastly Appendage        Tmut           #.....       12%         1    ##.....
 Dazzling Spray           Conj/Hex       #.....       36%         3    ####...
 Borgnjor's Vile Clutch   Necr/Erth      #.........   92%         5    ######.


Dungeon Overview and Level Annotations

Branches:
Dungeon (11/15)            Temple (1/1) D:5            Lair (4/6) D:8
  Swamp (0/4) Lair:3        Snake (0/4) Lair:2
    Orc: D:9-12

Altars:
Ashenzari
Cheibriados
Dithmenos
Elyvilon
Fedhas
Gozag
Hepliaklqana
Kikubaaqudgha
Makhleb
Nemelex Xobeh
Okawaru
Qazlal
Ru
Sif Muna
Trog
Uskayaw
Vehumet
Wu Jian
Xom
Yredelemnul
Zin
The Shining One

Shops:
D:6 [   D:8 *   D:11 [!}?[

Annotations:
D:2 exclusions: adder and 2 downstairs
D:3 HDogLeCool's ghost, amateur DrTm
D:4 exclusions: downstairs, ogre and 2 worker ants
D:5 exclusion: downstairs
D:6 Menkaure
D:7 Raine357's ghost, novice MiEn
D:8 exclusion: downstairs
D:9 exclusions: downstairs and guardian serpent
D:10 Fannar
D:11 exclusion: hydra
Lair:1 exclusions: komodo dragon and oklob plant
Lair:2 2 exclusions


Innate Abilities, Weirdness & Mutations

You cannot wear most types of armour.
You are very stealthy in the water. (Stealth+)
You are amphibious.
You can wear up to eight rings at the same time.
You can use your tentacles to constrict eight enemies at once.
Your skin changes colour to match your surroundings (Stealth+).
Your rubbery body absorbs attacks. (AC +1, EV +1)


Message History

You block the black mamba's attack.
Evoke which item? (* to show all) (? for menu, Esc to quit)
Aiming: Iceblast
Press: ? - help, Shift-Dir - straight line, f/p - eight-headed hydra
Aim: an eight-headed hydra (moderately wounded)
The mass of ice explodes!
The iceblast engulfs the eight-headed hydra.
The eight-headed hydra is severely wounded.
The iceblast engulfs the black mamba.
The black mamba is almost dead.
The black mamba bites you!
You block the eight-headed hydra's attack.
The eight-headed hydra bites you!! The eight-headed hydra bites you. x2
The eight-headed hydra bites you! x2
* * * LOW HITPOINT WARNING * * *
The eight-headed hydra bites you!
* * * LOW HITPOINT WARNING * * *
The eight-headed hydra bites you!
You die...
Your body crumbles into a pile of gold.

#####....#.#####......###
###..
....##..#######.......##
#. ...###<.#
#..##.......P. ...#
#..###..###........
...###...##.## .......#
...##...P##.# #F.....##
.P..##....P.####.......#
.#####..........DS.....#
..P##.........(.@......#
........................
........................
........................
........................
.........####.##.#......
#.###....# #.####......
## ##...####.##.#....##
.#####....#.........


You could see an eight-headed hydra, a black mamba and a bullfrog.

Vanquished Creatures
  A hydra (Lair:3)
  3 two-headed ogres
  2 skeletal warriors (Volcano)
  The ghost of bombasticus the Shield-Bearer, a novice GrFi of Okawaru (Lair:1)
  An anaconda skeleton (Volcano)
  The ghost of busb the Martial Artist, a novice OpWn (D:4)
  5 elephants
  A black mamba (Lair:3)
  A torpor snail (Lair:3)
  3 gargoyles (Volcano)
  2 spiny frogs
  4 komodo dragons
  2 rime drakes
  A troll (D:9)
  2 polar bears
  2 hippogriffs
  7 blink frogs
  A harpy skeleton (Volcano)
  3 flying skulls (Volcano)
  A wraith (D:11)
  4 yaks (Lair:3)
  A basilisk (Lair:3)
  A hungry ghost (D:7)
  Grum (D:8)
  2 nagas (Lair:2)
  5 water moccasins
  6 porcupines
  2 orc warriors
  A sky beast (D:6)
  A phantom (D:9)
  3 necrophages
  An eye of draining (D:10)
  6 wolves
  5 ogres
  5 centaurs
  5 crocodiles
  An elf zombie (Ossuary)
  A big kobold (D:7)
  9 bullfrogs
  A gnoll sergeant (D:7)
  A scorpion (D:4)
  A spriggan skeleton (Volcano)
  5 wights (D:11)
  A troll skeleton (Volcano)
  5 crimson imps
  A quasit (D:5)
  A human zombie (Ossuary)
  3 hounds
  4 orc priests
  A gnoll shaman (D:7)
  3 bullfrog skeletons
  3 jellies
  9 orc wizards
  4 iguanas
  10 worker ants
  A killer bee zombie (D:6)
  A big kobold zombie (Ossuary)
  A naga skeleton (Volcano)
  3 hound zombies
  3 hound skeletons
  3 mummies (Ossuary)
  12 adders
  9 gnolls (D:7)
  2 shadow imps (D:5)
  An ooze (D:1)
  An adder zombie (Ossuary)
  2 worms
  3 dart slugs
  5 leopard geckos
  48 orcs
  8 bats
  6 giant cockroaches
  3 gnoll zombies (Ossuary)
  5 goblins
  7 hobgoblins
  6 jackals
  10 kobolds
  9 quokkas
  3 ball pythons
  4 frilled lizards
  5 goblin zombies (Ossuary)
  3 hobgoblin zombies (Ossuary)
  A jackal skeleton (D:4)
  3 jackal zombies (Ossuary)
  6 kobold zombies (Ossuary)
  A leopard gecko zombie (D:9)
  An orc zombie (Ossuary)
  2 quokka zombies (Ossuary)
  5 rats
  2 rat zombies (Ossuary)
  A spectral orc (D:2)
  2 fungi (D:8)
  6 plants (D:8)
351 creatures vanquished.

Vanquished Creatures (others)
  2 two-headed ogres (D:9)
  An orc warrior (D:9)
  2 ogres (D:9)
  A centaur (D:9)
  A gnoll sergeant (D:9)
  A crimson imp (D:9)
  A jelly (D:9)
  An orc wizard (D:9)
  4 gnolls (D:9)
  A shadow imp (D:9)
  A jackal (D:9)
  4 fungi
  4 plants
24 creatures vanquished.

Grand Total: 375 creatures vanquished

Notes
Turn   | Place    | Note
-------+----------+-------------------------------------------
     0 | D:1      | DrEnzyme the Octopode Wanderer began the quest for the Orb.
     0 | D:1      | DrEnzyme set off with: a +2 hand crossbow, 28 bolts, a potion of curing, a ration
     0 | D:1      | Reached XP level 1. HP: 14/14 MP: 2/2
   138 | D:1      | Reached XP level 2. HP: 15/19 MP: 3/3
   156 | D:1      | Reached skill level 1 in Dodging
   599 | D:1      | Reached XP level 3. HP: 24/25 MP: 4/4
   688 | D:1      | Learned a level 2 spell: Corpse Rot
  1156 | D:2      | Found a basalt altar of Yredelemnul.
  1466 | D:3      | Noticed HDogLeCool's ghost (amateur DrTm)
  1529 | D:3      | Reached XP level 4. HP: 30/30 MP: 5/5
  1641 | D:3      | Learned a level 1 spell: Animate Skeleton
  1699 | D:3      | Reached skill level 3 in Fighting
  2741 | D:4      | Reached XP level 5. HP: 32/36 MP: 6/6
  2819 | D:4      | Noticed an ogre
  3075 | D:4      | Got a shimmering falchion
  3076 | D:4      | Identified the +8 falchion of Feimup {protect, +Fly MR- MP-9 Int+7} (You found it on level 4 of the Dungeon)
  3174 | D:4      | Noticed busb's ghost (novice OpWn)
  3256 | D:4      | Killed busb's ghost
  3256 | D:4      | Reached skill level 4 in Fighting
  3256 | D:4      | Reached skill level 5 in Crossbows
  3256 | D:4      | Reached XP level 6. HP: 37/44 MP: 7/7
  3256 | D:4      | Reached XP level 7. HP: 41/49 MP: 8/8
  3700 | D:5      | Entered Level 5 of the Dungeon
  3707 | D:5      | Found a hide-covered altar of Uskayaw.
  3707 | D:5      | Found a hazy altar of Hepliaklqana.
  3711 | D:5      | Found a burning altar of Makhleb.
  4385 | D:5      | Reached XP level 8. HP: 53/54 MP: 0/9
  4397 | D:5      | Reached skill level 5 in Fighting
  4471 | D:5      | Found a staircase to the Ecumenical Temple.
  4483 | Temple   | Entered the Ecumenical Temple
  4943 | D:6      | Noticed Menkaure
  5112 | D:6      | Found a shadowy altar of Dithmenos.
  5159 | D:6      | Found Jeanorhu's Armour Shop.
  5164 | D:6      | Bought a +0 buckler of protection for 126 gold pieces
  5185 | D:6      | Reached skill level 1 in Shields
  5505 | D:7      | Found a sand-covered staircase.
  5564 | Ossuary  | Entered an ossuary
  5917 | Ossuary  | Reached XP level 9. HP: 56/62 MP: 1/10
  6082 | Ossuary  | Reached skill level 6 in Fighting
  6359 | D:7      | Noticed Raine357's ghost (novice MiEn)
  6455 | D:7      | Reached skill level 5 in Long Blades
  7664 | D:8      | Reached skill level 7 in Fighting
  8177 | D:8      | Noticed a two-headed ogre
  8200 | D:8      | Found a staircase to the Lair.
  8362 | D:8      | Found an opulent altar of Gozag.
  8370 | D:8      | Became a worshipper of Gozag Ym Sagoz the Greedy
  8415 | D:8      | Noticed Grum
  8420 | D:8      | Killed Grum
  8423 | D:8      | Reached XP level 10. HP: 71/71 MP: 2/11
  8429 | D:8      | Found Aliec's Elemental Accessories.
  8453 | D:8      | Killed a two-headed ogre
  8626 | D:9      | Killed a two-headed ogre
  8656 | D:9      | Killed a two-headed ogre
  8684 | D:9      | Noticed a guardian serpent
  8775 | D:9      | Noticed a two-headed ogre
  8896 | D:9      | Found a shimmering altar of Xom.
  8903 | D:9      | Learned a level 1 spell: Apportation
  8964 | D:9      | Reached skill level 8 in Fighting
  9481 | D:10     | Entered Level 10 of the Dungeon
  9613 | D:10     | Noticed Fannar
  9975 | D:10     | Got a brightly glowing trident
  9980 | D:10     | Got a jewelled mace
 10474 | D:11     | Found Tesiobek's Distillery.
 10483 | D:11     | Bought 3 potions of degeneration for 42 gold pieces
 10483 | D:11     | Bought a potion of might for 56 gold pieces
 10483 | D:11     | Bought a potion of curing for 42 gold pieces
 10483 | D:11     | Bought a potion of might for 56 gold pieces
 10483 | D:11     | Bought a potion of agility for 56 gold pieces
 10621 | D:11     | Found Quaciu's Armour Shop.
 10645 | D:11     | Noticed a five-headed hydra
 10969 | D:11     | Found Ziex's Armour Boutique.
 10974 | D:11     | Noticed a two-headed ogre
 10982 | D:11     | Killed a two-headed ogre
 11020 | D:11     | Found Doybu's Magic Scroll Shoppe.
 11168 | D:11     | Reached skill level 5 in Shields
 11224 | D:11     | Bought a scroll of blinking for 97 gold pieces
 11307 | D:11     | Reached XP level 11. HP: 71/78 MP: 4/13
 11317 | D:11     | Reached skill level 9 in Fighting
 11512 | D:11     | Found Emoosily's Gadget Shop.
 11891 | D:9      | Killed a two-headed ogre
 12019 | Lair:1   | Entered Level 1 of the Lair of Beasts
 12189 | Lair:1   | Noticed bombasticus's ghost (novice GrFi)
 12212 | Lair:1   | Reached skill level 5 in Evocations
 12364 | Lair:1   | Killed bombasticus's ghost
 12494 | D:11     | Bought a scroll of acquirement for 676 gold pieces
 12499 | D:11     | Got a fine tin ring
 12500 | D:11     | Identified the ring "Agiytur" {rN+ MR+ Str+6 Int-3 Slay+4} (You acquired it on level 11 of the Dungeon)
 12736 | Lair:1   | Noticed an oklob plant
 13048 | Lair:2   | Found a staircase to the Snake Pit.
 13089 | Lair:2   | Found a bloodstained altar of Trog.
 13623 | Lair:2   | Noticed a queen ant
 13949 | Lair:3   | Found a dark tunnel.
 13959 | Volcano  | Entered a volcano
 14055 | Volcano  | Reached skill level 10 in Fighting
 14270 | Volcano  | Reached XP level 12. HP: 63/87 MP: 7/16
 15083 | Lair:3   | Noticed a four-headed hydra
 15084 | Lair:3   | Found a staircase to the Swamp.
 15090 | Lair:3   | Killed a four-headed hydra
 15465 | Lair:3   | Reached skill level 10 in Long Blades
 15972 | Lair:4   | Got a warped large shield
 16047 | Lair:4   | Noticed an eight-headed hydra
 16599 | Lair:4   | Reached skill level 11 in Fighting
 16671 | Lair:4   | Slain by an eight-headed hydra

Vault maps used:
D:1:      eino_arrival_tree_alley, kennysheep_pointless_box, minmay_pentomino_o4
D:2:      yredelemnul_forgotten_temple_becter, guppyfry_early_lair_pool
D:3:      minmay_misc_feat_more_columns
D:4:      serial_bayou_pond_b
D:5:      gammafunk_temple_overflow_forgotten, temple_hall, first_ration
D:6:      serial_shops, kennysheep_little_box, grunt_dithmenos_smoke,
          uniq_menkaure
D:7:      nicolae_ossuary_entry_false_entrances, grunt_ogre_cave, hex_medium
D:8:      overflow_temple_1_default, dpeg_oklobed_lair, nicolae_elemental_shop,
          uniq_grum
D:9:      xom_confusion_cloud, nrook_guardian_serpent_ordinary
D:10:     uniq_fannar
D:11:     serial_shops, shop_statue, shop, nicolae_shop_statue_plus,
          nicolae_shop_waterfront, nicolae_shop_trees
Temple:   minmay_temple_bridge_d
Lair:1:   serial_bayou_lagoon_b, lemuel_fruit_tree, minmay_lair_oklob_chamber
Lair:2:   guppyfry_snake_entry_island, basic_altar,
          nicolae_lair_grove_arrangements, zaba_antful_of_joy
Lair:3:   minmay_swamp_entry_reptiles, lightli_volcano_entry_magma_tube,
          minmay_holes
Ossuary:  minmay_ossuary_two_tombs
Volcano:  volcano_tomb

Skill      XL: |  1  2  3  4  5  6  7  8  9 10 11 12 |
---------------+-------------------------------------+-----
Dodging        | 1 2 3 4 |  4.8
Fighting       | 3 4 5 7 8 10 11 | 11.0
Crossbows      | 4 5 6 7 8 |  8.6
Long Blades    | 2 3 4 6 8 9 10 | 10.4
Shields        | 3 4 5 7 8 |  8.8
Evocations     | 3 6 8 |  8.3
Spellcasting   | |  1.0
Necromancy     | |  2.0

Action                   |  1- 3 |  4- 6 |  7- 9 | 10-12 || total
-------------------------+-------+-------+-------+-------++-------
Melee: Falchion          |       |       |   270 |   517 ||   787
       Constrict         |       |       |    71 |    77 ||   148
       Tentacles         |       |       |    54 |   151 ||   205
 Fire: Hand crossbow     |    86 |    80 |    42 |    93 ||   301
 Cast: Animate Skeleton  |       |     1 |       |       ||     1
       Apportation       |       |       |       |     5 ||     5
       Corpse Rot        |       |       |       |     1 ||     1
Evoke: Wand              |       |       |       |     7 ||     7
  Use: Scroll            |     2 |     2 |    13 |     7 ||    24
       Potion            |       |     1 |     9 |     8 ||    18
 Stab: Sleeping          |       |       |    16 |    14 ||    30
       Distracted        |       |       |       |     2 ||     2
  Eat: Chunk             |     2 |     5 |    17 |       ||    24
       Ration            |       |       |     1 |     8 ||     9
Armor: Skin              |     4 |     1 |    51 |    60 ||   116
Dodge: Dodged            |    21 |    22 |   172 |   199 ||   414
Block: Buckler           |       |       |    26 |   139 ||   165
       Rpst.: Falchion   |       |       |    46 |    62 ||   108

Table legend:
 A = Spawn XP
 B = Non-spawn XP
 C = Spawn XP percentage of total XP
 D = Spawn monster count
 E = Non-spawn monster count
 F = Spawn count percentage of total count
 G = Total turns spent on level
                    A         B        C        D         E        F      G
               +---------+---------+-------+---------+---------+-------+---------
         Total |       0 |   29830 |   0.0 |       0 |     343 |   0.0 | 16671
               +---------+---------+-------+---------+---------+-------+---------
           D:1 |       0 |      48 |   0.0 |       0 |      26 |   0.0 |   952
           D:2 |       0 |      29 |   0.0 |       0 |      13 |   0.0 |  1035
           D:3 |       0 |      41 |   0.0 |       0 |      14 |   0.0 |   720
           D:4 |       0 |     689 |   0.0 |       0 |      14 |   0.0 |  1229
           D:5 |       0 |     767 |   0.0 |       0 |      21 |   0.0 |  1065
           D:6 |       0 |     761 |   0.0 |       0 |      17 |   0.0 |  1075
           D:7 |       0 |    1132 |   0.0 |       0 |      40 |   0.0 |   727
           D:8 |       0 |    2054 |   0.0 |       0 |      20 |   0.0 |  1308
           D:9 |       0 |    2017 |   0.0 |       0 |      28 |   0.0 |   983
          D:10 |       0 |     261 |   0.0 |       0 |      11 |   0.0 |   876
          D:11 |       0 |    2617 |   0.0 |       0 |      32 |   0.0 |  1459
        Lair:1 |       0 |    3050 |   0.0 |       0 |      14 |   0.0 |   828
        Lair:2 |       0 |    2145 |   0.0 |       0 |       9 |   0.0 |   809
        Lair:3 |       0 |    5125 |   0.0 |       0 |      22 |   0.0 |  1161
        Lair:4 |       0 |    4448 |   0.0 |       0 |      15 |   0.0 |   747
       Ossuary |       0 |     302 |   0.0 |       0 |      34 |   0.0 |   563
       Volcano |       0 |    4344 |   0.0 |       0 |      13 |   0.0 |   907
               +---------+---------+-------+---------+---------+-------+---------
